 Dungeon Crawl Stone Soup version 0.31-a0-145-g046c7d2549 (webtiles) character file.

Game seed: 4482454446991265511

5717 Anon1729 the Fighter (level 10, -1/93 HPs)
             Began as a Minotaur Monk on June 5, 2023.
             Was a High Priest of Jiyva.
             Slain by a troll (10 damage)
             ... on level 9 of the Dungeon.
             The game lasted 00:04:44 (5245 turns).

Anon1729 the Fighter (Minotaur Monk)                Turns: 5245, Time: 00:04:44

Health: -1/93      AC: 14    Str: 19    XL:     10   Next: 48%
Magic:  7/9        EV: 17    Int:  6    God:    Jiyva [*****.]
Gold:   164        SH:  5    Dex: 20    Spells: 9/9 levels left

rFire   . . .        a - +0 falchion
rCold   + + +        d - orb {light}
rNeg    . . .        s - +5 ring mail of Kighiom {Dex+3}
rPois   .            (helmet restricted)
rElec   +            (no cloak)
rCorr   +            e - +0 pair of gloves
SInv    .            (no boots)
Will    .....        t - amulet of reflection
Stlth   +            (no ring)
HPRegen 1.79/turn    (no ring)
MPRegen 0.56/turn

%: reflection
@: marked, glowing
A: horns 2, retaliatory headbutt, fangs 1, cold resistance 3, shaggy fur 1,
electricity resistance, strong 1, eyeballs 2
a: Renounce Religion, Oozemancy, Slimify


You were on level 9 of the Dungeon.
You worshipped Jiyva.
Jiyva was extremely pleased with you.
You visited 1 branch of the dungeon, and saw 9 of its levels.

You collected 314 gold pieces.
You spent 150 gold pieces at shops.

Inventory:

Hand Weapons
 a - a +0 falchion (weapon)
 p - a +1 dagger of venom
 C - a +0 lajatang
Armour
 b - a +0 robe
 d - an orb of light (worn)
 e - a +0 pair of gloves (worn)
 s - the +5 ring mail of Kighiom (worn) {Dex+3}
   (You found it on level 6 of the Dungeon)

   Dex:       It affects your dexterity (+3).
Jewellery
 t - an amulet of reflection (around neck)
 D - a +6 ring of intelligence
Wands
 m - a wand of roots (9)
Scrolls
 f - 4 scrolls of identify {unknown}
 g - a scroll of enchant armour {unknown}
 h - 2 scrolls of teleportation {unknown}
 j - 2 scrolls of poison {unknown}
 k - 2 scrolls of blinking {unknown}
 o - a scroll of butterflies {unknown}
 r - 4 scrolls of magic mapping {unknown}
 u - a scroll of fear {unknown}
 v - 2 scrolls of fog {unknown}
 y - a scroll of noise {unknown}
 B - a scroll of immolation {unknown}
Potions
 c - a potion of ambrosia
 i - a potion of mutation {unknown}
 l - a potion of enlightenment {unknown}
 n - a potion of haste {unknown}
 q - 3 potions of degeneration
 w - a potion of curing
 z - a potion of lignification
 A - a potion of brilliance {unknown}


   Skills:
 + Level 10.2 Fighting
 + Level 10.1 Long Blades
 + Level 9.4 Armour
 + Level 9.3 Dodging


You had 9 spell levels left.
You didn't know any spells.
Your spell library contained the following spells:

 Spells                   Type           Power      Damage    Failure   Level
 Anguish                  Hex/Necr       0%         N/A       100%        4
 Cause Fear               Hex            0%         N/A       100%        4
 Enfeeble                 Hex            0%         N/A       100%        7


Dungeon Overview and Level Annotations

Branches:
Dungeon (9/15)             Temple (0/1) D:7
   Lair: D:8-11         Orc: D:9-12

Altars:
Kikubaaqudgha
Nemelex Xobeh
Ru
Trog
Uskayaw
Wu Jian
The Shining One
Jiyva

Shops:
D:7 !


Innate Abilities, Weirdness & Mutations

You have a pair of horns on your head.
You reflexively headbutt those who attack you in melee.
You have very sharp teeth.
Your flesh is almost immune to the effects of cold. (rC+++)
You are covered in fur. (AC +1)
You are resistant to electric shocks. (rElec)
Your muscles are strong. (Str +4, Int/Dex -1)
Your body has grown many eyes which may confuse attackers. (Acc +5)


Message History

The centaur warrior kicks you but does no damage.
The eyeballs on your body gaze at the centaur warrior.
The shadow hits you.
The centaur warrior cries.
The centaur warrior hits you!
* * * LOW HITPOINT WARNING * * *
The centaur warrior misses you. The yak barely misses you.
You furiously retaliate!
You headbutt the yak!
You completely miss the centaur warrior.
You bite the centaur warrior, but do no damage.
The centaur warrior is moderately wounded.
The centaur warrior hits you!
* * * LOW HITPOINT WARNING * * *
You block the centaur warrior's attack. The shadow hits you.
The yak barely misses you.
You completely miss the centaur warrior.
The centaur warrior is moderately wounded.
You block the shadow's attack.
Okay, then.
The centaur warrior quivers uncontrollably and liquefies into an acid blob!
Your hands burn!
* * * LOW HITPOINT WARNING * * *
The yak completely misses you. The troll closely misses you.
The troll claws you.
* * * LOW HITPOINT WARNING * * *
The troll claws you but does no damage.
You hear a slurping noise.
You feel better.
A killer bee comes into view.
The shadow misses you. You furiously retaliate!
You headbutt the shadow. The yak closely misses you. The troll bites you!
* * * LOW HITPOINT WARNING * * *
The troll claws you but does no damage. The troll claws you!
* * * LOW HITPOINT WARNING * * *
A gnoll bouda comes into view. It is wielding a +0 club.
Found 10 gold pieces.
The shadow slips into darkness.
The shadow flickers and vanishes for a moment.
The troll attacks as you move away! The troll bites you!
You die...

##.. ...## #..
.g..# ##.
...## #. ....#
## ## .y.## #
..#..##...# #
.$......J.#
#@T.## ##Y[..#
#..#..W#.##
#.........#
###.......##
#.........†#
#.##..#.###.##
# ......##...#
#.......#†..##


You could see a yak, a troll, a shadow (invisible), a gnoll bouda, a killer bee
and a neutral acid blob (wandering) (fellow slime).

Vanquished Creatures
  2 two-headed ogres
  Grinder (D:5)
  A wyvern (D:7)
  7 yaks (D:9)
  Eustachio (D:5)
  A water moccasin (D:7)
  Duvessa (D:5)
  2 orc warriors
  A sky beast (D:7)
  4 ogres
  4 centaurs
  A phantom (D:4)
  Blork the orc (D:5)
  2 kobold brigands (D:9)
  3 bullfrogs
  A gnoll sergeant (D:6)
  3 wights (D:3)
  6 killer bees (D:7)
  3 howler monkeys (D:7)
  2 orc priests (D:8)
  2 hounds
  A gnoll bouda (D:9)
  A sleepcap (D:7)
  Natasha (D:2)
  2 iguanas
  4 orc wizards
  14 gnolls
  3 adders
  A shadow imp (D:6)
  A white imp (D:7)
  An ufetubus (D:7)
  A worm (D:3)
  2 dart slugs
  23 orcs
  7 ball pythons
  2 bats
  3 bat skeletons (D:8)
  2 bat zombies (D:8)
  An endoplasm (D:1)
  5 goblins
  8 hobgoblins
  A jackal (D:3)
  7 quokkas
  11 kobolds
  3 rats
154 creatures vanquished.

Vanquished Creatures (collateral kills)
  A gnoll (D:5)
1 creature vanquished.

Vanquished Creatures (others)
  An azure jelly (D:9)
  A boulder beetle (D:9)
  2 skeletal warriors (D:9)
  An efreet (D:9)
  A slime creature (D:9)
  A kobold brigand (D:6)
  A bullfrog (D:8)
  A wight (D:3)
  Dowan (D:5)
  8 jellies
  3 vampire bats (D:8)
  An orc priest (D:6)
  Natasha (twice) (D:2)
  5 orc wizards
  An adder (D:5)
  2 endoplasms (D:2)
  9 orcs
  4 ball pythons
  A bat skeleton (D:8)
  5 goblins
  2 hobgoblins
  2 jackals (D:3)
  4 kobolds
  3 rats (D:2)
62 creatures vanquished.

Grand Total: 217 creatures vanquished

Notes
Turn   | Place    | Note
-------+----------+-------------------------------------------
     0 | D:1      | Anon1729 the Minotaur Monk began the quest for the Orb.
     0 | D:1      | Reached XP level 1. HP: 19/19 MP: 0/0
    26 | D:1      | Reached XP level 2. HP: 24/27 MP: 1/1
    63 | D:1      | Reached skill level 1 in Armour
    63 | D:1      | Found a faded altar of an unknown god.
    79 | D:1      | Prayed at the altar of an unknown god.
    79 | D:1      | Became a worshipper of Jiyva Jokaj the Shapeless
    79 | D:1      | Reached * piety under Jiyva
    79 | D:1      | Reached ** piety under Jiyva
   206 | D:1      | Reached *** piety under Jiyva
   343 | D:1      | Gained mutation: Your body has grown eyes which may confuse
                  | attackers. (Acc +3) [Jiyva's grace]
   343 | D:1      | Gained mutation: Your body has grown many eyes which may
                  | confuse attackers. (Acc +5) [Jiyva's grace]
   343 | D:1      | Gained mutation: Your body is covered in eyes which may
                  | confuse attackers. (Acc +7, SInv) [Jiyva's grace]
   343 | D:1      | Gained mutation: You are covered in fur. (AC +1) [Jiyva's
                  | grace]
   530 | D:2      | Noticed Natasha
   536 | D:2      | Killed Natasha
   537 | D:2      | Reached XP level 3. HP: 30/33 MP: 2/2
   759 | D:2      | Killed Natasha
   777 | D:2      | Killed Natasha
  1106 | D:3      | Reached XP level 4. HP: 33/41 MP: 3/3
  1277 | D:3      | Found a sparkling altar of Nemelex Xobeh.
  1351 | D:3      | Reached **** piety under Jiyva
  1386 | D:3      | Reached XP level 5. HP: 47/47 MP: 4/4
  1392 | D:3      | Reached skill level 5 in Fighting
  1395 | D:3      | Reached skill level 5 in Long Blades
  1811 | D:4      | Reached XP level 6. HP: 55/56 MP: 5/5
  2077 | D:4      | Reached skill level 5 in Dodging
  2158 | D:4      | Reached XP level 7. HP: 42/62 MP: 6/6
  2279 | D:4      | Reached ***** piety under Jiyva
  2293 | D:4      | Gained mutation: Your muscles are strong. (Str +4, Int/Dex
                  | -1) [Jiyva's grace]
  2293 | D:4      | Gained mutation: Your muscles are very strong. (Str +8,
                  | Int/Dex -2) [Jiyva's grace]
  2293 | D:4      | Gained mutation: You are resistant to electric shocks.
                  | (rElec) [Jiyva's grace]
  2293 | D:4      | Gained mutation: You are partially covered in iridescent
                  | scales. (AC +2) [Jiyva's grace]
  2414 | D:5      | Entered Level 5 of the Dungeon
  2414 | D:5      | Noticed Eustachio
  2429 | D:5      | Killed Eustachio
  2564 | D:5      | Found a bloodstained altar of Trog.
  2680 | D:5      | Noticed Grinder
  2689 | D:5      | Killed Grinder
  2690 | D:5      | Reached skill level 5 in Armour
  2720 | D:5      | Reached XP level 8. HP: 50/71 MP: 7/7
  2747 | D:5      | Killed Dowan
  2803 | D:5      | Noticed Blork the orc
  2817 | D:5      | Killed Blork the orc
  2936 | D:5      | Noticed Duvessa
  2945 | D:5      | Killed Duvessa
  3301 | D:6      | Identified the +5 ring mail of Kighiom {Dex+3}
  3690 | D:6      | Reached ****** piety under Jiyva
  3922 | D:7      | Lost mutation: You are partially covered in iridescent
                  | scales. (AC +2) [Jiyva's grace]
  3922 | D:7      | Lost mutation: Your muscles are very strong. (Str +8,
                  | Int/Dex -2) [Jiyva's grace]
  3922 | D:7      | Lost mutation: Your body is covered in eyes which may
                  | confuse attackers. (Acc +7, SInv) [Jiyva's grace]
  3922 | D:7      | Gained mutation: Your flesh is cold resistant. (rC+)
                  | [Jiyva's grace]
  3922 | D:7      | Gained mutation: Your flesh is very cold resistant. (rC++)
                  | [Jiyva's grace]
  3922 | D:7      | Gained mutation: Your flesh is almost immune to the effects
                  | of cold. (rC+++) [Jiyva's grace]
  3922 | D:7      | Gained mutation: You have very sharp teeth. [Jiyva's grace]
  3940 | D:7      | Reached XP level 9. HP: 81/81 MP: 8/8
  3955 | D:7      | Found a glowing golden altar of the Shining One.
  4046 | D:7      | Found a sacrificial altar of Ru.
  4125 | D:7      | Found an ornate altar of the Wu Jian Council.
  4214 | D:7      | Found Cighaxzo's Distillery.
  4217 | D:7      | Bought a potion of curing for 30 gold pieces
  4217 | D:7      | Bought a potion of degeneration for 10 gold pieces
  4217 | D:7      | Bought a potion of curing for 30 gold pieces
  4217 | D:7      | Bought a potion of heal wounds for 50 gold pieces
  4217 | D:7      | Bought a potion of lignification for 30 gold pieces
  4265 | D:7      | Found a staircase to the Ecumenical Temple.
  4348 | D:8      | Found a hide-covered altar of Uskayaw.
  4544 | D:8      | Noticed a two-headed ogre
  4549 | D:8      | Killed a two-headed ogre
  4593 | D:8      | Found an ancient bone altar of Kikubaaqudgha.
  4807 | D:8      | Identified the +1 war axe "Zaham" {drain, Will+ Int+5
                  | Dex+2}
  4876 | D:9      | Killed an efreet
  4983 | D:9      | Noticed a boulder beetle
  4992 | D:9      | Noticed a skeletal warrior
  4998 | D:9      | Noticed a skeletal warrior
  4998 | D:9      | Noticed a skeletal warrior
  5000 | D:9      | Noticed a skeletal warrior
  5014 | D:9      | Slimified a skeletal warrior
  5014 | D:9      | a skeletal warrior changed into an azure jelly
  5014 | D:9      | Noticed an azure jelly
  5017 | D:9      | Killed a skeletal warrior
  5019 | D:9      | Killed a skeletal warrior
  5020 | D:9      | Killed an azure jelly
  5021 | D:9      | Reached XP level 10. HP: 85/91 MP: 7/9
  5026 | D:9      | Slimified a skeletal warrior
  5026 | D:9      | a skeletal warrior changed into an acid blob
  5026 | D:9      | Noticed an acid blob
  5037 | D:9      | Killed a boulder beetle
  5072 | D:9      | Noticed a two-headed ogre
  5077 | D:9      | Killed a two-headed ogre
  5208 | D:9      | Reached skill level 10 in Fighting
  5219 | D:9      | Reached skill level 10 in Long Blades
  5227 | D:9      | Noticed a centaur warrior
  5242 | D:9      | Slimified a centaur warrior
  5242 | D:9      | a centaur warrior changed into an acid blob
  5242 | D:9      | Noticed an acid blob
  5245 | D:9      | Slain by a troll

Illustrated notes

Levels and vault maps discovered:
D:1:      sevenhm_arrival_forest_fort_small_4, layout_basic,
          hellmonk_ecumenical_altar_pennies_from_heaven,
          chequers_serial_rivers_micro_e
D:2:      layout_loops_ring, uniq_natasha
D:3:      layout_basic, mainiacjoe_overflow_alcove_2
D:4:      minmay_angry_zag, layout_gridville, serial_bayou_lagoon_a
D:5:      layout_loops_ring, trog_three_pillars_becter, uniq_duvessa,
          uniq_blork_the_orc, uniq_eustachio, uniq_grinder
D:6:      layout_gridville
D:7:      layout_rooms, nzn_wu_jian_council_hall,
          mainiacjoe_overflow_six_doors_small, mainiacjoe_overflow_paths,
          serial_shops, nicolae_shop_trees
D:8:      layout_basic, nicolae_uskayaw_dance_hall, kennysheep_vampire_church,
          minmay_fountain_box
D:9:      minmay_the_grid_triangle_9x9_rhombus_thin
          [minmay_the_grid_triangle_9x9_swiss_cheese,
          minmay_the_grid_triangle_9x9_prize_top_heavy,
          minmay_the_grid_triangle_9x9_sprig,
          minmay_the_grid_triangle_9x9_fully_insulated_deathbox],
          layout_cave_pools, david_lair_shrubbed, david_orc_5, minivault_25_ag

Skill      XL: |  1  2  3  4  5  6  7  8  9 10 |
---------------+-------------------------------+-----
Armour         | 1 2 3 4 5 6 8 9 |  9.4
Fighting       | 4 5 6 8 9 10 | 10.2
Long Blades    | 4 5 6 7 9 10 | 10.1
Dodging        | 4 5 6 7 8 9 |  9.3

Action                     |  1- 3 |  4- 6 |  7- 9 | 10-12 || total
---------------------------+-------+-------+-------+-------++-------
  Melee: Falchion          |    54 |   103 |   206 |    50 ||   413
         Headbutt          |    11 |    24 |    62 |    23 ||   120
         Bite              |       |       |    15 |    14 ||    29
 Invoke: Slimify           |       |       |     1 |     2 ||     3
    Use: Potion            |       |       |       |     2 ||     2
   Stab: Confused          |       |     2 |    11 |     3 ||    16
 Armour: Robe              |    10 |    31 |     8 |       ||    49
         Ring mail         |       |       |    66 |    19 ||    85
  Dodge: Dodged            |    40 |    60 |   180 |    42 ||   322
  Block: Orb               |       |       |    45 |    15 ||    60
         Reflection        |       |       |     6 |       ||     6

Table legend: (Time is in decaauts)
 A = Elapsed time spent in this place.
 B = Non-inter-level travel time spent in this place.
 C = Inter-level travel time spent in this place.
 D = Time resting spent in this place.
 E = Time spent auto-exploring this place.
 F = Levels seen in this place.
 G = Mean time per level.
                   A        B        C        D        E       F      G
               +--------+--------+--------+--------+--------+-----+--------+
         Total |   5245 |   5024 |    221 |     46 |   4074 |   9 |  582.8 |
       Dungeon |   5245 |   5024 |    221 |     46 |   4074 |   9 |  582.8 |
               +--------+--------+--------+--------+--------+-----+--------+

Top non-repeatable levels by time:
     D:6: 788 daAuts
     D:4: 713 daAuts
     D:5: 649 daAuts
     D:3: 615 daAuts
     D:2: 589 daAuts
     D:8: 532 daAuts
     D:1: 524 daAuts
     D:7: 476 daAuts
     D:9: 356 daAuts
